 Dungeon Crawl Stone Soup version 0.25-a0-458-g6fc7858b95 (webtiles) character file.

Game seed: 18409290527982430551, levelgen mode: deterministic

137 Error4North the Covered (level 5, -4/46 HPs)
             Began as a Hill Orc Fighter on Feb 2, 2020.
             Killed from afar by an orc wizard (7 damage)
             ... with a puff of frost
             ... on level 3 of the Dungeon.
             The game lasted 00:05:47 (2170 turns).

Error4North the Covered (Hill Orc Fighter)          Turns: 2170, Time: 00:05:48

Health: -4/46      AC:  9    Str: 20    XL:     5   Next: 20%
Magic:  6/6        EV:  7    Int:  8    God:
Gold:   156        SH:  9    Dex: 10    Spells: 5/5 levels left

rFire    . . .     SeeInvis .   a - +0 war axe
rCold    . . .     Gourm    .   c - +0 shield
rNeg     . . .     Faith    .   b - +0 scale mail
rPois    .         Spirit   .   p - +1 hat
rElec    .         Reflect  .   (no cloak)
rCorr    .         Harm     .   e - +0 pair of gloves
MR       .....                  (no boots)
Stlth    ..........             (no amulet)
HPRegen  0.15/turn              (no ring)
MPRegen  0.10/turn              (no ring)

@: lethally poisoned (-4 -> -7)
A: no striking features
a: no special abilities


You were on level 3 of the Dungeon.
You were hungry.

You visited 1 branch of the dungeon, and saw 3 of its levels.

You collected 156 gold pieces.

Inventory:

Hand Weapons
 a - a +0 war axe (weapon)
Armour
 b - a +0 scale mail (worn)
 c - a +0 shield (worn)
 e - a +0 pair of gloves (worn)
 p - a +1 hat (worn)
Jewellery
 n - an uncursed ring of positive energy {unknown}
Scrolls
 g - a scroll of blinking {unknown}
 h - 2 scrolls of magic mapping {unknown}
 k - 4 scrolls of remove curse {unknown}
 m - a scroll of amnesia {unknown}
 o - a scroll of identify {unknown}
 q - a scroll of fear {unknown}
Potions
 d - 2 potions of might
 i - a potion of heal wounds {unknown}
 j - a potion of invisibility {unknown}
 l - a potion of agility {unknown}
Comestibles
 f - 6 rations
 r - a chunk of flesh


   Skills:
 + Level 4.0 Fighting
 + Level 4.1 Axes
 * Level 4.3 Armour
 + Level 0.3 Dodging
 * Level 4.1 Shields
 * Level 0.9 Spellcasting


You had 5 spell levels left.
You didn't know any spells.
Your spell library was empty.

Dungeon Overview and Level Annotations

Branches:
Dungeon (3/15)

Altars:
Nemelex Xobeh
Wu Jian


Message History

You hear some strange, mumbled words.
A puff of frost appears from out of thin air!
The puff of frost hits you but does no damage.
The adder bites you but does no damage.
Your scale mail prevents you from hitting the adder.
You barely miss something.
You feel sick. Something hits you.
* * * LOW HITPOINT WARNING * * *
The adder bites you.
* * * LOW HITPOINT WARNING * * *
Something hits you.
* * * LOW HITPOINT WARNING * * *
You block the adder's attack.
You miss the adder. You hit something. You block something's attack.
An adder comes into view.
The adder bites you.
* * * LOW HITPOINT WARNING * * *
You hear some strange, mumbled words.
A puff of frost appears from out of thin air!
The puff of frost hits you!
You die...

# ############# # #
#...........###### #.
#.#########.#.....
(S.#..#รท#########.#....#
#....gS@{...............
#..####.########........
...# #.(...... #####
#........ #........
.......... ......#..##
.#.......# ######.


You could see 2 adders and a hobgoblin.

Vanquished Creatures
  An orc priest (D:3)
  5 adders
  2 worms (D:2)
  2 dart slugs
  A leopard gecko (D:1)
  2 orcs (D:3)
  8 bats
  A giant cockroach (D:2)
  7 goblins
  5 hobgoblins
  A jackal (D:3)
  2 ball pythons
  3 frilled lizards
  9 kobolds
  A leopard gecko zombie (D:2)
  7 rats
57 creatures vanquished.

Notes
Turn   | Place    | Note
-------+----------+-------------------------------------------
     0 | D:1      | Error4North the Hill Orc Fighter began the quest for the
                  | Orb.
     0 | D:1      | Reached XP level 1. HP: 19/19 MP: 1/1
    77 | D:1      | Reached XP level 2. HP: 20/27 MP: 2/2
   511 | D:1      | Reached XP level 3. HP: 25/33 MP: 0/3
  1158 | D:2      | Found a faded altar of an unknown god.
  1205 | D:2      | Reached XP level 4. HP: 40/40 MP: 4/4
  1217 | D:2      | Found a sparkling altar of Nemelex Xobeh.
  1266 | D:2      | Found an ornate altar of the Wu Jian Council.
  2065 | D:3      | Reached XP level 5. HP: 44/46 MP: 5/5
  2170 | D:3      | Killed from afar by an orc wizard

Levels and vault maps discovered:
D:1:      lightli_arrival_lavapool, layout_basic, serial_glass, glass_columns_c,
          glass_columns_a, glass_columns_a, glass_columns_c, glass_columns_c,
          glass_columns_c, minmay_misc_feat_columns
D:2:      layout_loops_corners, lemuel_round_altar,
          nemelex_xobeh_ov_fountains_minmay, chequers_ecumenical_altar_grove
D:3:      layout_basic, cheibriados_altar_1

Skill      XL: |  1  2  3  4 |
---------------+-------------+-----
Axes           | 3 4 |  4.1
Shields        | 4 |  4.1
Armour         | 4 |  4.3
Fighting       | 4 |  4.0
Dodging        | |  0.3
Spellcasting   | |  0.9

Action                   |  1- 3 |  4- 6 || total
-------------------------+-------+-------++-------
Melee: War axe           |   115 |   108 ||   223
  Eat: Chunk             |     1 |     3 ||     4
Armor: Scale mail        |    58 |    71 ||   129
Dodge: Dodged            |    52 |    32 ||    84
Block: Shield            |    75 |    71 ||   146

Table legend:
 A = Non-vault XP
 B = Vault XP
 C = Vault XP percentage of total XP
 D = Non-vault monster count
 E = Vault monster count
 F = Vault count percentage of total count
                 A         B        C        D         E       F
            +---------+---------+-------+---------+---------+-------
      Total |     197 |       0 |   0.0 |      57 |       0 |   0.0
            +---------+---------+-------+---------+---------+-------
        D:1 |      39 |       0 |   0.0 |      24 |       0 |   0.0
        D:2 |      62 |       0 |   0.0 |      21 |       0 |   0.0
        D:3 |      96 |       0 |   0.0 |      12 |       0 |   0.0
            +---------+---------+-------+---------+---------+-------
